cohdb
Replays
Latest Replays
All Replays
Popular Replays
Top Player Replays
Match Explorer
How It Works
Community
CoH3 Stats
Reddit
Sign in to upload your games and track your stats! →
Sign in with Steam
Match 44330521
Unlisted
Match 44330521
Overview
Messages
Build Orders
End
Construct Barracks
Riflemen Squad
Riflemen Squad
M1 Mortar Team
Riflemen Squad
Air Support Center
Construct Medical Station
Grenade Package
Construct Motor Pool
M8 Greyhound Armored Car
Engineer Squad
Grasshopper Recon Run
Engineer Squad
M1 Anti-tank Gun Team
P-47 Strafing Run
Construct Tank Depot
Selects Armored Battlegroup
Selects Fast Deploy
Selects Seek and Destroy
Selects UNKNOWN (2160077)
Selects Assault Engineers
Selects Field Repairs
Selects War Machine
M4A3E8 Sherman Easy Eight
M4A3E8 Sherman Easy Eight
Assault Engineer Squad
Grasshopper Recon Run
Grasshopper Recon Run
M1918 Browning Automatic Rifles
Improved Aircraft Armor
Air Supremacy
P-47 Strafing Run
P-47 Dive Bomb
M4A3E8 Sherman Easy Eight
Arturokq
Carolus
Sn
typezero
0
0
Comments
sign in to comment!
No comments posted yet!